 Dungeon Crawl Stone Soup version 0.23.0-3-gf3c87f2 (webtiles) character file.

Game seed: 6884040363176073486

27549 wolfsongas the Fighter (level 13, -3/130 HPs)
             Began as a Demonspawn Fighter on Feb 22, 2019.
             Was a Priest of Okawaru.
             Killed from afar by a six-headed hydra (4 damage)
             ... with an exploding inner flame
             ... hexed by the player character
             ... on level 3 of the Lair of Beasts.
             The game lasted 00:27:14 (11972 turns).

wolfsongas the Fighter (Demonspawn Fighter)        Turns: 11972, Time: 00:27:14

Health: -3/130     AC: 16    Str: 20    XL:     13   Next: 5%
Magic:  0/13       EV:  6    Int: 10    God:    Okawaru [***...]
Gold:   720        SH:  0    Dex: 14    Spells: 12/12 levels left

rFire    + + +     SeeInvis .   A - +7 great mace "Firestarter" {inner flame, rF++}
rCold    x . .     Gourm    .   (shield currently unavailable)
rNeg     . . .     Faith    .   B - +0 plate armour
rPois    .         Spirit   +   (helmet restricted)
rElec    .         Reflect  .   (no cloak)
rCorr    .         Harm     .   (no gloves)
MR       +....                  (no boots)
Stlth    ..........             D - amulet of regeneration
HPRegen  0.71/turn              o - ring of protection from magic
MPRegen  0.13/turn              F - ring of fire

@: hasted, studying Fire Magic, very quick
A: antennae 1, hooves 2, slimy green scales 1, powered by death 2, robust 2,
screaming 1, magic shield
a: Heroism, Renounce Religion


You were on level 3 of the Lair of Beasts.
You worshipped Okawaru.
Okawaru was most pleased with you.
You were not hungry.

You visited 3 branches of the dungeon, and saw 15 of its levels.
You also visited: Sewer.

You collected 720 gold pieces.

Inventory:

Hand Weapons
 b - a +4 whip of electrocution
 A - the +7 great mace "Firestarter" (weapon) {inner flame, rF++}
   (You found it on level 11 of the Dungeon)

   It has been specially enchanted to burn those struck by it, causing extra
   injury to most foes and up to half again as much damage against particularly
   susceptible opponents.
   It greatly protects you from fire.
Armour
 c - a +4 shield
 B - a +0 plate armour (worn)
Jewellery
 o - a ring of protection from magic (left hand)
 p - an uncursed ring of protection from magic
 q - a +3 ring of evasion
 z - a +4 ring of strength
 D - an amulet of regeneration (around neck)
 F - a ring of fire (right hand)
Wands
 a - a wand of scattershot (6)
 h - a wand of flame (21)
 r - a wand of iceblast (18)
 y - a wand of clouds (5)
Scrolls
 e - a scroll of identify
 k - 6 scrolls of teleportation
 u - 3 scrolls of enchant weapon
 w - 2 scrolls of fog
 x - 4 scrolls of remove curse
Potions
 d - 3 potions of might
 g - a potion of cancellation
 i - a potion of agility
 j - 10 potions of curing
 l - 4 potions of flight
 m - 2 potions of brilliance
Books
 E - a manual of Fire Magic
Comestibles
 f - 17 rations


   Skills:
 + Level 12.5 Fighting
   Level 2.5(7.3) Axes
 * Level 10.7(10.8) Maces & Flails
 + Level 10.0 Armour
 - Level 9.6 Shields


You had 12 spell levels left.
You didn't know any spells.
Your spell library contained the following spells:

 Spells                   Type           Power        Failure   Level  Hunger
 Beastly Appendage        Tmut           #.....       100%        1    ##.....
 Sandblast                Erth           #.....       100%        1    ##.....
 Summon Small Mammal      Summ           #...         100%        1    ##.....
 Call Imp                 Summ           #.......     100%        2    ###....
 Passwall                 Tmut/Erth      #.......     100%        2    ###....
 Sticks to Snakes         Tmut           #.......     100%        2    ###....
 Call Canine Familiar     Summ           #.......     100%        3    ####...
 Ignite Poison            Fire/Tmut/Pois #.......     100%        3    ####...
 Spider Form              Tmut/Pois      #.........   100%        3    ####...
 Stone Arrow              Conj/Erth      #.....       100%        3    ####...
 Summon Guardian Golem    Hex/Summ       #.......     100%        3    ####...
 Ice Form                 Ice/Tmut       #.......     100%        4    #####..
 Petrify                  Tmut/Erth      #.......     100%        4    #####..
 Summon Ice Beast         Ice/Summ       #.......     100%        4    #####..
 Summon Lightning Spire   Summ/Air       #.......     100%        4    #####..
 Blade Hands              Tmut           #.........   100%        5    ######.
 Fireball                 Conj/Fire      #.........   100%        5    ######.
 Lee's Rapid Deconstruct  Erth           #.........   100%        5    ######.
 Bolt of Fire             Conj/Fire      #.........   100%        6    #######
 Ring of Flames           Chrm/Fire      #.........   100%        7    #######
 Ignition                 Fire           #.........   100%        8    #######


Dungeon Overview and Level Annotations

Branches:
Dungeon (11/15)            Temple (1/1) D:6            Lair (3/6) D:9
 Shoals (0/4) Lair:2        Snake (0/4) Lair:2          Orc (0/2) D:10

Altars:
Ashenzari
Cheibriados
Dithmenos
Elyvilon
Fedhas
Gozag
Hepliaklqana
Kikubaaqudgha
Makhleb
Nemelex Xobeh
Okawaru
Qazlal
Ru
Sif Muna
Trog
Uskayaw
Vehumet
Xom
Yredelemnul
Zin
The Shining One
Jiyva

Shops:
D:7 *   D:8 [   D:10 [   D:11 =

Annotations:
Lair:2 3 runed translucent doors, Clumpoid's ghost, journeyman GnWn


Innate Abilities, Weirdness & Mutations

You have hoof-like feet.
You are partially covered in slimy green scales. (AC +2)
You regenerate health from kills.
When hurt, damage is shared between your health and your magic reserves.
You have a pair of small antennae on your head.
You are very robust. (+20% HP)
You occasionally shout uncontrollably at your foes.


Message History

* * * LOW HITPOINT WARNING * * *
The six-headed hydra bites you but does no damage. x3
The six-headed hydra bites you!
* * * LOW HITPOINT WARNING * * *
The six-headed hydra bites you.
* * * LOW HITPOINT WARNING * * *
Okay, then.
You feel yourself speed up. The six-headed hydra bites you.
* * * LOW HITPOINT WARNING * * *
The six-headed hydra bites you.
* * * LOW HITPOINT WARNING * * *
The six-headed hydra barely misses you.
The six-headed hydra bites you but does no damage.
The six-headed hydra bites you!
* * * LOW HITPOINT WARNING * * *
The six-headed hydra bites you but does no damage.
You sock the six-headed hydra! You burn the six-headed hydra.
The six-headed hydra explodes!
The fiery explosion engulfs you. You resist.
You die...

.. #......#
#..#...D..
#.........
P...#..PP
#P.......
........#
..$.....####
#........#.#
#.......#@.#
........§§.$......
#.......§§........
..................
#.................
#.................
###$.##.#.##..##..
### ##### ### ##


There were no monsters in sight!

Vanquished Creatures
  A fire dragon (D:11)
  Harold (D:8)
  4 hydras
  A centaur warrior (D:11)
  A two-headed ogre (D:11)
  Erica (D:8)
  4 skeletal warriors (D:10)
  An unseen horror (D:10)
  2 cyclopes (D:11)
  An ugly thing (D:11)
  2 merfolk sirens (Lair:2)
  Joseph (Lair:1)
  2 molten gargoyles (Lair:3)
  2 spiny frogs
  A rime drake (Lair:2)
  A komodo dragon (Lair:1)
  A troll (D:10)
  A slime creature (D:11)
  4 hippogriffs
  A spriggan (D:9)
  A wyvern (D:11)
  38 yaks
  A basilisk (Lair:1)
  5 fire bats (D:11)
  A basilisk (shapeshifter) (D:10)
  A naga (Lair:2)
  A water moccasin (Lair:2)
  6 porcupines
  2 sky beasts
  3 ice beasts
  2 orc warriors
  2 black bears (D:9)
  3 phantoms
  2 centaurs (D:5)
  8 ogres
  8 crocodiles
  5 big kobolds
  11 bullfrogs
  A water moccasin zombie (D:8)
  A scorpion (D:11)
  8 killer bees
  4 wights (D:8)
  An oklob sapling (D:6)
  An electric eel (Lair:2)
  4 howler monkeys (D:8)
  6 crimson imps
  2 bullfrog zombies
  3 lava snakes (Lair:3)
  2 quasits
  A bullfrog skeleton (D:10)
  6 jellies
  5 orc wizards
  5 orc priests
  2 centaur skeletons
  4 hounds
  An iguana (D:7)
  13 worker ants
  A killer bee zombie (D:9)
  A hound zombie (D:8)
  2 worker ant zombies
  4 gnolls
  14 adders
  12 river rats
  A shadow imp (D:10)
  2 oozes
  2 adder zombies (D:8)
  4 worms
  A dart slug (D:1)
  3 leopard geckos
  33 orcs
  8 ball pythons
  5 bats
  9 giant cockroaches
  14 goblins
  8 hobgoblins
  4 jackals
  42 kobolds
  8 quokkas
  2 frilled lizards
  A jackal zombie (D:6)
  A quokka zombie (D:7)
  46 rats
  11 plants (D:6)
442 creatures vanquished.

Vanquished Creatures (others)
  4 fungi (D:9)
  2 plants
6 creatures vanquished.

Grand Total: 448 creatures vanquished

Notes
Turn   | Place    | Note
-------+----------+-------------------------------------------
     0 | D:1      | wolfsongas the Demonspawn Fighter began the quest for the
                  | Orb.
     0 | D:1      | Reached XP level 1. HP: 18/18 MP: 1/1
   161 | D:1      | Gained mutation: You are partially covered in slimy green
                  | scales. (AC +2) [demonic ancestry]
   161 | D:1      | Reached XP level 2. HP: 19/24 MP: 2/2
   889 | D:1      | Gained mutation: You regenerate a little health from kills.
                  | [demonic ancestry]
   889 | D:1      | Reached XP level 3. HP: 27/30 MP: 3/3
  1009 | D:2      | Reached skill level 4 in Fighting
  1221 | D:2      | Gained mutation: You have large cloven feet. [demonic
                  | ancestry]
  1221 | D:2      | Reached XP level 4. HP: 37/37 MP: 4/4
  1331 | D:2      | Noticed a phantom
  1341 | D:2      | Killed a phantom
  1341 | D:2      | Reached skill level 1 in Maces & Flails
  1341 | D:2      | Reached XP level 5. HP: 43/43 MP: 5/5
  1398 | D:2      | Found a deep blue altar of Sif Muna.
  1403 | D:2      | Reached skill level 5 in Fighting
  1405 | D:2      | Found a hide-covered altar of Uskayaw.
  1405 | D:2      | Found a sparkling altar of Nemelex Xobeh.
  1417 | D:2      | Found a snail-covered altar of Cheibriados.
  1719 | D:3      | You fall through a shaft for 3 floors!
  1721 | D:6      | Noticed a sky beast
  1727 | D:6      | Reached XP level 6. HP: 24/51 MP: 6/6
  1732 | D:5      | Entered Level 5 of the Dungeon
  1967 | D:5      | Found a glowing drain.
  1971 | Sewer    | Entered a sewer
  2200 | Sewer    | Reached skill level 6 in Fighting
  2569 | D:4      | Gained mutation: You regenerate health from kills. [demonic
                  | ancestry]
  2569 | D:4      | Reached XP level 7. HP: 32/58 MP: 7/7
  3408 | D:4      | Got a polished falchion
  3409 | D:4      | Identified the cursed +1 falchion of Darkness {flame, MR+}
                  | (You found it on level 4 of the Dungeon)
  3431 | D:4      | Found a shimmering altar of Xom.
  3438 | D:4      | Found a shimmering altar of Xom.
  3439 | D:4      | Found a shimmering altar of Xom.
  3450 | D:4      | Found a shimmering altar of Xom.
  3450 | D:4      | Found a shimmering altar of Xom.
  3751 | D:5      | Reached skill level 7 in Fighting
  3854 | D:5      | Gained mutation: When hurt, damage is shared between your
                  | health and your magic reserves. [demonic ancestry]
  3854 | D:5      | Reached XP level 8. HP: 57/67 MP: 8/8
  4340 | D:5      | Reached skill level 5 in Shields
  4631 | D:6      | Found an ancient bone altar of Kikubaaqudgha.
  4680 | D:6      | Found a staircase to the Ecumenical Temple.
  4714 | D:6      | Reached skill level 8 in Fighting
  5354 | D:7      | Reached XP level 9. HP: 50/75 MP: 7/9
  5521 | D:7      | Noticed an angel
  5523 | D:7      | Found Guitedet's Hallowed Reliquary.
  5527 | D:7      | Found a glowing silver altar of Zin.
  5924 | D:7      | Reached skill level 5 in Maces & Flails
  6097 | D:8      | Reached skill level 9 in Fighting
  6097 | D:8      | Reached skill level 5 in Armour
  6114 | D:8      | Found Hestruplu's Armour Shoppe.
  6139 | D:8      | Noticed Harold
  6169 | D:8      | Killed Harold
  6169 | D:8      | Reached XP level 10. HP: 31/83 MP: 2/10
  6419 | D:8      | Got a spiked ring mail
  6430 | D:8      | Identified the +5 ring mail "Jog Lih" {rElec rF- rCorr
                  | MP+9} (You found it on level 8 of the Dungeon)
  6676 | D:8      | Noticed Erica
  6702 | D:8      | Killed Erica
  6763 | D:8      | Gained mutation: Your body sometimes deteriorates upon
                  | taking damage. [potion of mutation]
  6763 | D:8      | Gained mutation: Your flesh is heat resistant. (rF+)
                  | [potion of mutation]
  6764 | D:8      | Lost mutation: Your body sometimes deteriorates upon taking
                  | damage. [potion of mutation]
  6764 | D:8      | Lost mutation: Your flesh is heat resistant. (rF+) [potion
                  | of mutation]
  6764 | D:8      | Gained mutation: You occasionally shout uncontrollably at
                  | your foes. [potion of mutation]
  6764 | D:8      | Gained mutation: You have a pair of small antennae on your
                  | head. [potion of mutation]
  6764 | D:8      | Gained mutation: You are robust. (+10% HP) [potion of
                  | mutation]
  6764 | D:8      | Gained mutation: You are very robust. (+20% HP) [potion of
                  | mutation]
  7068 | D:9      | Found a staircase to the Lair.
  7085 | D:9      | Reached skill level 10 in Fighting
  7708 | D:10     | Entered Level 10 of the Dungeon
  7717 | D:10     | Reached XP level 11. HP: 110/110 MP: 11/11
  7940 | D:10     | Found a staircase to the Orcish Mines.
  7956 | D:10     | Found Puituck's Armour Boutique.
  8030 | D:10     | Noticed a skeletal warrior
  8032 | D:10     | Noticed a skeletal warrior
  8035 | D:10     | Noticed a skeletal warrior
  8036 | D:10     | Noticed a skeletal warrior
  8042 | D:10     | Killed a skeletal warrior
  8064 | D:10     | Killed a skeletal warrior
  8073 | D:10     | Killed a skeletal warrior
  8081 | D:10     | Killed a skeletal warrior
  8293 | D:10     | Reached skill level 11 in Fighting
  8321 | D:10     | Killed an unseen horror
  8335 | D:10     | Found a sacrificial altar of Ru.
  8705 | D:11     | Noticed a two-headed ogre
  8714 | D:11     | Killed a two-headed ogre
  8733 | D:11     | Noticed a centaur warrior
  8733 | D:11     | Noticed a five-headed hydra
  8796 | D:11     | Killed a five-headed hydra
  8804 | D:11     | Killed a centaur warrior
  8893 | D:11     | Reached XP level 12. HP: 120/120 MP: 9/12
  8986 | D:11     | Noticed a fire dragon
  9005 | D:11     | Killed a fire dragon
  9033 | D:11     | Found the +7 great mace "Firestarter" {inner flame, rF++}
  9299 | Temple   | Entered the Ecumenical Temple
  9418 | Temple   | Became a worshipper of Warmaster Okawaru
  9541 | D:11     | Found Ulilaami's Jewellery Shop.
  9664 | D:11     | Found a viscous altar of Jiyva.
  9959 | Lair:1   | Entered Level 1 of the Lair of Beasts
  9977 | Lair:1   | Reached skill level 12 in Fighting
 10021 | Lair:1   | Reached * piety under Okawaru
 10257 | Lair:1   | Noticed Joseph
 10266 | Lair:1   | Killed Joseph
 10544 | Lair:2   | Reached ** piety under Okawaru
 10557 | Lair:2   | Reached skill level 10 in Maces & Flails
 10694 | Lair:2   | Found a staircase to the Snake Pit.
 10852 | Lair:2   | Noticed a five-headed hydra
 10863 | Lair:2   | Killed a five-headed hydra
 11012 | Lair:2   | Noticed a seven-headed hydra
 11016 | Lair:2   | Noticed a five-headed hydra
 11020 | Lair:2   | Killed a seven-headed hydra
 11030 | Lair:2   | Killed a five-headed hydra
 11030 | Lair:2   | Reached *** piety under Okawaru
 11167 | Lair:2   | Found a runed translucent gate.
 11167 | Lair:2   | Found a runed translucent gate.
 11167 | Lair:2   | Found a runed translucent gate.
 11170 | Lair:2   | Found a viscous altar of Jiyva.
 11170 | Lair:2   | Noticed a death ooze
 11171 | Lair:2   | Noticed Clumpoid's ghost (journeyman GnWn)
 11329 | Lair:2   | Found a staircase to the Shoals.
 11329 | Lair:2   | Noticed a death yak
 11329 | Lair:2   | Noticed a death yak
 11329 | Lair:2   | Noticed a death yak
 11329 | Lair:2   | Noticed a death yak
 11329 | Lair:2   | Noticed a death yak
 11329 | Lair:2   | Noticed a death yak
 11667 | Lair:2   | Gained mutation: You have hoof-like feet. [demonic
                  | ancestry]
 11667 | Lair:2   | Reached XP level 13. HP: 123/130 MP: 13/13
 11830 | Lair:3   | Reached skill level 10 in Armour
 11971 | Lair:3   | HP: 1/130 [six-headed hydra (8)]
 11972 | Lair:3   | Killed from afar by a six-headed hydra

Skill      XL: |  1  2  3  4  5  6  7  8  9 10 11 12 13 |
---------------+----------------------------------------+-----
Axes           | 2 |  2.5
Fighting       | 4 5 6 7 8 9 10 11 12 | 12.5
Shields        | 3 4 5 6 8 9 |  9.6
Maces & Flails | 1 2 3 4 5 7 8 10 | 10.7
Armour         | 3 4 5 7 8 9 10 | 10.0

Action                   |  1- 3 |  4- 6 |  7- 9 | 10-12 | 13-15 || total
-------------------------+-------+-------+-------+-------+-------++-------
Melee: War axe           |   113 |     6 |       |       |       ||   119
       Whip              |       |   171 |   383 |   542 |       ||  1096
       Kick              |       |    42 |    90 |   235 |     7 ||   374
       Great mace        |       |       |       |   169 |    35 ||   204
Invok: Heroism           |       |       |       |     1 |     1 ||     2
  Use: Scroll            |     7 |     5 |     7 |    10 |     2 ||    31
       Potion            |       |     5 |    10 |     6 |     3 ||    24
  Eat: Ration            |     1 |       |     4 |     4 |     1 ||    10
       Chunk             |       |     2 |     1 |     2 |       ||     5
Armor: Scale mail        |    53 |       |       |       |       ||    53
       Chain mail        |       |    73 |    69 |       |       ||   142
       Plate armour      |       |       |    78 |   374 |    47 ||   499
Dodge: Dodged            |    40 |    35 |    47 |   135 |    25 ||   282
Block: Shield            |    60 |   145 |   261 |   401 |       ||   867
